 Dungeon Crawl Stone Soup version 0.24-a0-639-gb70a11d811 (webtiles) character file.

Game seed: 10942006244084961729, levelgen mode: deterministic

207 Eurus the Stinger (level 5, -6/45 HPs)
             Began as a Naga Venom Mage on Sept 22, 2019.
             Mangled by a gnoll
             ... wielding a +0 flail
              (10 damage)
             ... on level 2 of the Dungeon.
             The game lasted 00:10:19 (2674 turns).

Eurus the Stinger (Naga Venom Mage)                 Turns: 2674, Time: 00:10:20

Health: -6/45      AC:  4    Str: 10    XL:     5   Next: 85%
Magic:  3/8        EV: 15    Int: 17    God:
Gold:   151        SH:  0    Dex: 16    Spells: 6/9 levels left

rFire    . . .     SeeInvis +   i - +0 mace (crush)
rCold    . . .     Gourm    .   (no shield)
rNeg     . . .     Faith    .   a - +0 robe
rPois    +         Spirit   .   (no helmet)
rElec    .         Reflect  .   b - +0 cloak
rCorr    .         Harm     .   C - +0 pair of gloves
MR       .....                  (no barding)
Stlth    +++.......             (no amulet)
HPRegen  0.15/turn              (no ring)
MPRegen  0.11/turn              (no ring)

@: agile, very slow
A: large, see invisible, deformed body, poison resistance, slowness 2, slow
metabolism 1, spit poison 1, AC +1
a: Spit Poison


You were on level 2 of the Dungeon.
You were not hungry.

You visited 1 branch of the dungeon, and saw 3 of its levels.

You collected 151 gold pieces.

Inventory:

Hand Weapons
 i - a +0 mace of crushing (weapon)
Missiles
 h - 25 sling bullets
Armour
 a - a +0 robe (worn)
 b - a +0 cloak (worn)
 l - a +0 buckler
 C - a +0 pair of gloves (worn)
Jewellery
 f - an uncursed ring of ice {unknown}
 r - a +3 ring of slaying {unknown}
 w - a cursed ring of teleportation {unknown}
 x - an uncursed ring of flight {unknown}
 y - an uncursed ring of ice {unknown}
Scrolls
 e - 4 scrolls of identify
 j - 2 scrolls of fog {unknown}
 k - 2 scrolls of amnesia {unknown}
 m - 2 scrolls of remove curse {unknown}
Potions
 g - a potion of flight {unknown}
 n - 2 potions of berserk rage {unknown}
 o - a potion of degeneration {unknown}
 p - a potion of haste
 q - a potion of might {unknown}
 s - a potion of invisibility {unknown}
 t - a potion of brilliance {unknown}
 u - 2 potions of magic {unknown}
 v - a potion of heal wounds {unknown}
 A - a potion of ambrosia {unknown}
 B - a potion of mutation {unknown}
 D - 3 potions of curing {unknown}
Comestibles
 c - 5 rations
 z - 2 chunks of flesh


   Skills:
 + Level 1.6 Fighting
 + Level 2.1 Dodging
 - Level 3.0 Stealth
 * Level 1.8 Shields
 + Level 2.6 Spellcasting
 * Level 2.9 Conjurations
 + Level 4.8 Poison Magic


You had 6 spell levels left.
You knew the following spells:

 Your Spells              Type           Power        Failure   Level  Hunger
a - Sting                 Conj/Pois      ###.         3%          1    #......
b - Poisonous Vapours     Pois/Air       ##....       10%         2    ##.....

Your spell library contained the following spells:

 Spells                   Type           Power        Failure   Level  Hunger
 Mephitic Cloud           Conj/Pois/Air  ##......     19%         3    ###....
 Olgreb's Toxic Radiance  Pois           ###.....     24%         4    #####..
 Venom Bolt               Conj/Pois      ###.......   71%         5    ######.


Dungeon Overview and Level Annotations

Branches:
Dungeon (3/15)

Altars:
Ashenzari

Annotations:
D:2 Sigmund
D:3 exclusion: gnoll


Innate Abilities, Weirdness & Mutations

You cannot wear boots.
Your serpentine skin is tough. (AC +1)
You have supernaturally acute eyesight. (SInv)
Armour fits poorly on your strangely shaped body.
Your system is resistant to poisons. (rPois)
You cover ground very slowly.
You have a slow metabolism.
You can spit poison.


Message History

You hit the gnoll.
The gnoll is heavily wounded.
The gnoll hits you from afar with a +0 spear.
The gnoll hits you with a +0 flail!
* * * LOW HITPOINT WARNING * * *
The gnoll hits you from afar with a +0 spear.
* * * LOW HITPOINT WARNING * * *
The gnoll hits you with a +0 flail.
* * * LOW HITPOINT WARNING * * *
The gnoll closely misses you. A mysterious force pulls you upwards.
The hatch slams shut behind you.
Level annotation: Sigmund You barely miss the gnoll.
The gnoll is heavily wounded.
The gnoll hits you with a +0 flail.
* * * LOW HITPOINT WARNING * * *
It was a potion of agility.
You feel agile all of a sudden. The gnoll hits you with a +0 flail!
You die...

#...######........#
######.................#
....................####
...........>........#
....................#
....................########
...........................#
..............).g..........#
......###.......@.........(#
......# ###.########.......#
###...# #................#
#...# #########.#.......#
#...# #.........#.......#
#...# #.........#########
##### #.........#
#......<..####### ##
#...............#


You could see a gnoll.

Vanquished Creatures
  An orc wizard (D:3)
  Natasha (thrice) (D:2)
  Robin (D:3)
  4 adders
  A worm (D:2)
  A leopard gecko (D:3)
  2 orcs (D:3)
  A giant cockroach (D:3)
  16 goblins
  7 hobgoblins
  5 kobolds
  A quokka (D:2)
  6 bats
  3 frilled lizards
  3 rats
55 creatures vanquished.

Notes
Turn   | Place    | Note
-------+----------+-------------------------------------------
     0 | D:1      | Eurus the Naga Venom Mage began the quest for the Orb.
     0 | D:1      | Reached XP level 1. HP: 15/15 MP: 3/3
   178 | D:1      | Reached XP level 2. HP: 12/22 MP: 0/5
   991 | D:2      | Found a shattered altar of Ashenzari.
  1028 | D:2      | Reached XP level 3. HP: 30/30 MP: 0/6
  1123 | D:2      | Noticed Sigmund
  1191 | D:2      | Learned a level 2 spell: Poisonous Vapours
  1229 | D:2      | Noticed Natasha
  1236 | D:2      | Killed Natasha
  1311 | D:2      | Noticed Natasha
  1317 | D:2      | Killed Natasha
  1317 | D:2      | Reached skill level 1 in Fighting
  1317 | D:2      | Reached skill level 1 in Shields
  1317 | D:2      | Reached XP level 4. HP: 12/38 MP: 0/7
  1438 | D:2      | Noticed Natasha
  1473 | D:2      | Killed Natasha
  1636 | D:2      | Found a faded altar of an unknown god.
  1786 | D:2      | Reached XP level 5. HP: 38/44 MP: 5/8
  2131 | D:3      | Noticed Robin
  2139 | D:3      | Killed Robin
  2674 | D:2      | Mangled by a gnoll

Levels and vault maps discovered:
D:1:      ebering_trefoil_3fold, layout_loops_ring, minmay_bisected
D:2:      layout_basic, ashenzari_conservatory_becter,
          chequers_ecumenical_altar_simple_redux, uniq_sigmund, uniq_natasha
D:3:      layout_basic, uniq_robin

Skill      XL: |  1  2  3  4 |
---------------+-------------+-----
Fighting       | 1 |  1.6
Shields        | 1 |  1.8
Conjurations   | 2 |  2.9
Dodging        | 2 |  2.1
Stealth        | |  3.0
Spellcasting   | |  2.6
Poison Magic   | |  4.8

Action                   |  1- 3 |  4- 6 || total
-------------------------+-------+-------++-------
Melee: Unarmed           |    12 |       ||    12
       Dagger            |    11 |    28 ||    39
       Mace              |       |     3 ||     3
 Cast: Sting             |    44 |    47 ||    91
       Poisonous Vapours |     3 |     5 ||     8
 Abil: Spit Poison       |     4 |     2 ||     6
  Use: Scroll            |     1 |       ||     1
       Potion            |       |     1 ||     1
 Stab: Sleeping          |     1 |       ||     1
  Eat: Chunk             |     2 |     4 ||     6
Armor: Robe              |    10 |     3 ||    13
Dodge: Dodged            |    19 |    16 ||    35

Table legend:
 A = Non-vault XP
 B = Vault XP
 C = Vault XP percentage of total XP
 D = Non-vault monster count
 E = Vault monster count
 F = Vault count percentage of total count
                 A         B        C        D         E       F
            +---------+---------+-------+---------+---------+-------
      Total |     227 |      70 |  23.6 |      42 |      13 |  23.6
            +---------+---------+-------+---------+---------+-------
        D:1 |      24 |       5 |  17.2 |      14 |       3 |  17.6
        D:2 |     112 |      35 |  23.8 |      14 |       1 |   6.7
        D:3 |      91 |      30 |  24.8 |      14 |       9 |  39.1
            +---------+---------+-------+---------+---------+-------
